AoeStats
← p0ni spice latte

Arena

505346493Analyzed
3v3 RM · 24d ago on Sep 9, 2026· 39m 53s· 6 players
Game mode
Random Map
Map size
Normal (6 player)
Population
200
Speed
Normal
Resources
Standard
Victory
Conquest
Starting age
Dark Age
Ending age
Imperial Age
RankedLock teamsTeams togetherTeam positionsShared explorationLock speedFull tech treeHidden civsTurbo modeCheats
Victory
Defeat
🇧🇷 Armenians · Brazil
1628
+10
🇧🇷 Wu · Brazil
1615
+11
🇧🇷 Turks · Brazil
1447
+17
🇫🇮 Malians · Finland
1505
-13
🇺🇸 Ethiopians · United States
1492
-13
🇺🇸 Burmese · United States
1464
-12
GAX | Kareca
10:24 Feudal Age
14:01 Castle Age
11:55 Double-Bit Axe
15:04 Bow Saw
23:25 Wheelbarrow
26:41 Imperial Age
24:17 Fletching
24:10 Horse Collar
24:22 Gold Mining
24:44 Loom
25:46 Bodkin Arrow
25:52 Padded Archer Armor
25:44 Town Watch
26:36 Gold Shaft Mining
25:52 Stone Mining
27:43 Leather Archer Armor
27:38 Bracer
27:25 Elite Skirmisher
29:18 Chemistry
29:07 Ballistics
29:41 Ring Archer Armor
30:00 Conscription
30:03 Crossbowman
32:08 Arbalester
33:16 Heavy Plow
34:15 Hand Cart
37:01 Scale Mail Armor
37:12 Forging
37:04 Squires
GAX | Sr. Spock
11:12 Feudal Age
12:21 Double-Bit Axe
14:50 Castle Age
12:48 Horse Collar
14:14 Forging
14:25 Scale Barding Armor
21:33 Heavy Plow
23:27 Bow Saw
24:07 Wheelbarrow
23:19 Loom
23:20 Town Watch
23:34 Gold Mining
24:30 Stone Mining
25:21 Gold Shaft Mining
28:07 Chain Barding Armor
28:54 Husbandry
32:37 Imperial Age
31:08 Ballistics
30:50 Padded Archer Armor
30:41 Fletching
31:15 Bloodlines
32:36 Leather Archer Armor
32:20 Bodkin Arrow
32:54 Thumb Ring
33:56 Parthian Tactics
35:47 Plate Barding Armor
35:49 Iron Casting
37:23 Hand Cart
40:38 Conscription
GAX | Mr.P
10:01 Feudal Age
9:07 Loom
14:00 Castle Age
12:17 Double-Bit Axe
15:06 Bow Saw
21:58 Horse Collar
22:40 Heavy Plow
26:20 Wheelbarrow
26:29 Town Watch
28:51 Hand Cart
28:50 Stone Mining
33:43 Imperial Age
31:31 Fletching
32:16 Bodkin Arrow
33:50 Pikeman
34:31 Squires
35:53 Bracer
36:24 Gold Mining
37:22 Masonry
37:57 Padded Archer Armor
38:07 Forging
37:58 Scale Mail Armor
39:02 Elite Fire Archer
41:15 Chemistry
40:45 Architecture
p0ni spice latte
10:46 Feudal Age
12:07 Horse Collar
14:32 Castle Age
12:32 Double-Bit Axe
15:35 Bow Saw
16:05 Heavy Plow
19:31 Wheelbarrow
22:06 Hand Cart
21:59 Gold Mining
26:52 Imperial Age
24:09 Loom
24:09 Town Watch
25:05 Scale Mail Armor
25:23 Fletching
25:27 Crossbowman
26:03 Bodkin Arrow
27:01 Ballistics
26:56 Arbalester
27:38 Bracer
28:44 Chemistry
28:34 Gold Shaft Mining
28:36 Thumb Ring
29:55 Stone Mining
30:30 Padded Archer Armor
30:56 Squires
31:36 Leather Archer Armor
31:45 Siege Engineers
31:51 Masonry
33:19 Ring Archer Armor
33:21 Conscription
33:10 Scale Mail Armor
32:59 Arson
34:21 Torsion Engines
35:18 Chain Mail Armor
34:53 Capped Ram
37:49 Two-Man Saw
38:25 Plate Mail Armor
38:51 Architecture
39:08 Forging
39:05 Scale Barding Armor
38:42 Siege Ram
40:38 Iron Casting
aawwd
11:51 Feudal Age
15:36 Castle Age
13:51 Horse Collar
19:10 Loom
19:15 Town Watch
29:44 Loom
34:41 Wheelbarrow
39:43 Hand Cart
mundobear
5:07 Loom
11:51 Feudal Age
12:28 Horse Collar
12:44 Double-Bit Axe
15:29 Castle Age
15:30 Scale Barding Armor
16:31 Bow Saw
21:14 Heavy Plow
23:13 Town Watch
24:04 Wheelbarrow
24:47 Man-at-Arms
30:57 Imperial Age
28:59 Squires
29:01 Scale Mail Armor
29:12 Forging
29:25 Bloodlines
29:16 Husbandry
30:08 Chain Barding Armor
29:59 Forging
29:35 Light Cavalry
32:22 Plate Barding Armor
31:47 Heavy Camel Rider
32:44 Gold Mining
33:35 Conscription
35:07 Iron Casting
35:03 Farimba
36:11 Chemistry
36:12 Man-at-Arms
36:54 Scale Mail Armor
37:05 Long Swordsman
37:46 Two-Handed Swordsman
39:02 Chain Mail Armor
39:54 Gold Shaft Mining
38:41 Champion
39:50 Fletching
40:36 Plate Mail Armor
Connection lost

Rejoining the realm…

Still unreachable

The connection could not be restored.

Session expired

The server has moved on; the page needs a fresh start.